 Dungeon Crawl Stone Soup version 0.21.1-1-g345015f (webtiles) character file.

241 relionnb the Insei (level 6, -2/47 HPs)
             Began as a Gnoll Transmuter on Mar 7, 2018.
             Slain by soepske's ghost (9 damage)
             ... on level 4 of the Dungeon.
             The game lasted 00:14:34 (3012 turns).

relionnb the Insei (Gnoll Transmuter)               Turns: 3012, Time: 00:14:35

Health: -2/47      AC:  2    Str: 12    XL:     6   Next: 8%
Magic:  12/13      EV: 15    Int: 15    God:
Gold:   273        SH:  0    Dex: 18    Spells: 12/15 levels left

rFire    . . .     SeeInvis .   s - +4 short sword
rCold    . . .     Gourm    .   (no shield)
rNeg     . . .     Faith    .   b - +0 robe
rPois    .         Spirit   .   (no helmet)
rElec    .         Reflect  .   (no cloak)
rCorr    .         Harm     .   (no gloves)
MR       .....                  (no boots)
Stlth    ++........             (no amulet)
HPRegen  0.15/turn              (no ring)
MPRegen  0.13/turn              (no ring)

@: appendage (expiring)
A: distributed training, fangs 1, horns 2, strong nose
a: End Transformation


You were on level 4 of the Dungeon.
You were hungry.
You had grown temporary horns.
You visited 1 branch of the dungeon, and saw 4 of its levels.

You collected 273 gold pieces.

Inventory:

Hand Weapons
 j - a +0 hand axe
 p - a +0 shortbow
 s - a +4 short sword (weapon)
 v - a +0 club
 w - a +0 hunting sling
 D - a +0 morningstar
Missiles
 a - 52 arrows
 e - 205 stones
 l - 41 sling bullets
 q - 17 bolts
 u - 4 tomahawks (quivered)
Armour
 b - a +0 robe (worn)
 o - a +0 ring mail
 y - a +0 pair of gloves
Wands
 x - a wand of paralysis (19)
Scrolls
 f - a scroll of enchant weapon {unknown}
 k - 4 scrolls of identify {unknown}
 m - 2 scrolls of fog {unknown}
 r - a scroll of enchant armour {unknown}
 t - 2 scrolls of remove curse {unknown}
 A - a scroll of teleportation {unknown}
 B - a scroll of amnesia {unknown}
 E - a scroll of magic mapping {unknown}
 G - a scroll of blinking {unknown}
 H - a scroll of fear {unknown}
Potions
 g - a potion of lignification {unknown}
 h - 3 potions of berserk rage {unknown}
 i - 2 potions of ambrosia {unknown}
 n - a potion of flight {unknown}
 z - 2 potions of haste {unknown}
 C - a potion of invisibility {unknown}
 F - a potion of agility {unknown}
Books
 c - a book of Changes

   Spells                             Type                      Level
   a - Beastly Appendage              Transmutation                1
   b - Sticks to Snakes               Transmutation                2
   c - Spider Form                    Transmutation/Poison         3
   d - Ice Form                       Ice/Transmutation            4
   e - Blade Hands                    Transmutation                5
Comestibles
 d - 10 rations
 I - a chunk of flesh


   Skills:
 + Level 3.1 Fighting
 + Level 1.7 Short Blades
 + Level 1.7 Long Blades
 + Level 1.7 Axes
 + Level 1.7 Maces & Flails
 + Level 1.7 Polearms
 + Level 1.7 Staves
 + Level 1.7 Slings
 + Level 1.7 Bows
 + Level 1.7 Crossbows
 + Level 1.7 Throwing
 + Level 1.7 Armour
 + Level 4.9 Dodging
 + Level 1.7 Stealth
 + Level 1.7 Shields
 + Level 6.7 Unarmed Combat
 + Level 5.3 Spellcasting
 + Level 1.3 Conjurations
 + Level 1.3 Hexes
 + Level 1.3 Charms
 + Level 1.3 Summonings
 + Level 1.3 Necromancy
 + Level 1.3 Translocations
 + Level 4.0 Transmutations
 + Level 1.3 Fire Magic
 + Level 1.3 Ice Magic
 + Level 1.3 Air Magic
 + Level 1.3 Earth Magic
 + Level 1.3 Poison Magic
 + Level 2.0 Invocations
 + Level 1.7 Evocations


You had 12 spell levels left.
You knew the following spells:

 Your Spells              Type           Power        Failure   Level  Hunger
a - Beastly Appendage     Tmut           ###...       3%          1    None
b - Sticks to Snakes      Tmut           ###.....     4%          2    ##.....


Dungeon Overview and Level Annotations

Branches:
Dungeon (4/15)
 Temple: D:4-7

Altars:
Ashenzari
Cheibriados
Fedhas
Gozag
Hepliaklqana
Kikubaaqudgha
The Shining One

Shops:
D:4 *

Annotations:
D:4 soepske's ghost, amateur DsFi


Innate Abilities, Weirdness & Mutations

Your experience applies equally to all skills.
You have very sharp teeth.
Your uncanny sense of smell can sniff out nearby items.
You have a pair of horns on your head.


Message History

Soepske's ghost completely misses you.
You hit soepske's ghost but do no damage.
You headbutt soepske's ghost, but do no damage.
Soepske's ghost is moderately damaged.
Soepske's ghost closely misses you.
You hit soepske's ghost but do no damage.
You headbutt soepske's ghost.
Soepske's ghost is moderately damaged.
Soepske's ghost hits you!
You puncture soepske's ghost!
Soepske's ghost is heavily damaged.
Soepske's ghost hits you!
* * * LOW HITPOINT WARNING * * *
Unknown command.
Okay, then.
Aiming: Paralyse
Press: ? - help, Shift-Dir - straight line, f - soepske's ghost
Aim: soepske's ghost (heavily damaged, chance to defeat MR: 33%) Soepske's ghost easily resists.
Soepske's ghost hits you!
You die...

####### .......
.......## .#
........## ...
.. #@.#####.#
#. ###W......#
#>##..a.....##
#.#.∩.......###
#.............#
##.......)..#..
#..........#
#<............
#............#


You could see a worker ant and soepske's ghost.

Vanquished Creatures
  An ogre (D:3)
  A centaur (D:3)
  3 adders
  A leopard gecko (D:2)
  An orc (D:3)
  A giant cockroach (D:2)
  4 goblins
  6 hobgoblins
  7 jackals
  A quokka (D:3)
  6 bats
  A frilled lizard (D:1)
  7 kobolds
  9 rats
49 creatures vanquished.

Notes
Turn   | Place    | Note
-------+----------+-------------------------------------------
     0 | D:1      | relionnb the Gnoll Transmuter began the quest for the Orb.
     0 | D:1      | Reached XP level 1. HP: 17/17 MP: 6/6
   743 | D:1      | Reached XP level 2. HP: 20/23 MP: 7/7
  1445 | D:2      | Reached skill level 5 in Spellcasting
  1445 | D:2      | Reached XP level 3. HP: 28/28 MP: 7/9
  1588 | D:2      | Found a hazy altar of Hepliaklqana.
  1893 | D:2      | Reached skill level 1 in Invocations
  1977 | D:2      | Found a blossoming altar of Fedhas.
  2218 | D:3      | Reached skill level 1 in Short Blades
  2218 | D:3      | Reached skill level 1 in Long Blades
  2218 | D:3      | Reached skill level 1 in Axes
  2218 | D:3      | Reached skill level 1 in Maces & Flails
  2218 | D:3      | Reached skill level 1 in Polearms
  2218 | D:3      | Reached skill level 1 in Staves
  2218 | D:3      | Reached skill level 1 in Slings
  2218 | D:3      | Reached skill level 1 in Bows
  2218 | D:3      | Reached skill level 1 in Crossbows
  2218 | D:3      | Reached skill level 1 in Throwing
  2218 | D:3      | Reached skill level 1 in Armour
  2218 | D:3      | Reached skill level 1 in Stealth
  2218 | D:3      | Reached skill level 1 in Shields
  2218 | D:3      | Reached skill level 1 in Evocations
  2218 | D:3      | Reached XP level 4. HP: 31/34 MP: 11/11
  2257 | D:3      | Noticed an ogre
  2279 | D:3      | Killed an ogre
  2279 | D:3      | Reached skill level 1 in Conjurations
  2279 | D:3      | Reached skill level 1 in Hexes
  2279 | D:3      | Reached skill level 1 in Charms
  2279 | D:3      | Reached skill level 1 in Summonings
  2279 | D:3      | Reached skill level 1 in Necromancy
  2279 | D:3      | Reached skill level 1 in Translocations
  2279 | D:3      | Reached skill level 1 in Fire Magic
  2279 | D:3      | Reached skill level 1 in Ice Magic
  2279 | D:3      | Reached skill level 1 in Air Magic
  2279 | D:3      | Reached skill level 1 in Earth Magic
  2279 | D:3      | Reached skill level 1 in Poison Magic
  2279 | D:3      | Reached XP level 5. HP: 34/40 MP: 12/12
  2398 | D:3      | Found an ancient bone altar of Kikubaaqudgha.
  2421 | D:3      | Found a snail-covered altar of Cheibriados.
  2423 | D:3      | Found an opulent altar of Gozag.
  2487 | D:3      | Noticed a centaur
  2495 | D:3      | Killed a centaur
  2495 | D:3      | Reached XP level 6. HP: 28/47 MP: 13/13
  2749 | D:3      | Found a glowing golden altar of the Shining One.
  2749 | D:3      | Found a shattered altar of Ashenzari.
  2986 | D:4      | Found Wirgheb's General Store.
  2994 | D:4      | Noticed soepske's ghost (amateur DsFi)
  2997 | D:4      | Learned a level 2 spell: Sticks to Snakes
  3012 | D:4      | Slain by soepske's ghost

Skill      XL: |  1  2  3  4  5  6 |
---------------+-------------------+-----
Spellcasting   | 5 |  5.3
Invocations    | 1 2 |  2.0
Short Blades   | 1 |  1.7
Long Blades    | 1 |  1.7
Axes           | 1 |  1.7
Maces & Flails | 1 |  1.7
Polearms       | 1 |  1.7
Staves         | 1 |  1.7
Slings         | 1 |  1.7
Bows           | 1 |  1.7
Crossbows      | 1 |  1.7
Throwing       | 1 |  1.7
Armour         | 1 |  1.7
Stealth        | 1 |  1.7
Shields        | 1 |  1.7
Evocations     | 1 |  1.7
Conjurations   | 1 |  1.3
Hexes          | 1 |  1.3
Charms         | 1 |  1.3
Summonings     | 1 |  1.3
Necromancy     | 1 |  1.3
Translocations | 1 |  1.3
Fire Magic     | 1 |  1.3
Ice Magic      | 1 |  1.3
Air Magic      | 1 |  1.3
Earth Magic    | 1 |  1.3
Poison Magic   | 1 |  1.3
Fighting       | 3 |  3.1
Transmutations | 4 |  4.0
Dodging        | |  4.9
Unarmed Combat | |  6.7

Action                   |  1- 3 |  4- 6 || total
-------------------------+-------+-------++-------
Melee: Unarmed           |    27 |       ||    27
       Bite              |     6 |     4 ||    10
       Short sword       |    61 |    47 ||   108
       Punch             |     1 |       ||     1
       Headbutt          |       |     4 ||     4
Throw: Stone             |     1 |       ||     1
 Cast: Sticks to Snakes  |       |     1 ||     1
       Beastly Appendage |       |     1 ||     1
Evoke: Wand              |       |     1 ||     1
 Stab: Sleeping          |     2 |     1 ||     3
  Eat: Chunk             |     4 |     2 ||     6
Armor: Robe              |     8 |     3 ||    11
Dodge: Dodged            |    50 |    40 ||    90
